 Dungeon Crawl Stone Soup version 0.26.0-20-g3ca415f5b8 (webtiles) character file.

Game seed: 226607503495522744

61 thiole the Sneak (level 4, 0/27 HPs)
             Began as an Octopode Hedge Wizard on Jan 24, 2021.
             Slain by an adder (5 damage)
             ... on level 2 of the Dungeon.
             The game lasted 00:02:46 (1676 turns).

thiole the Sneak (Octopode Hedge Wizard)            Turns: 1676, Time: 00:02:47

Health: 0/27       AC:  1    Str:  9    XL:     4   Next: 7%
Magic:  7/8        EV: 13    Int: 17    God:
Gold:   26         SH:  0    Dex: 11    Spells: 1/9 levels left

rFire    . . .     SeeInvis .   g - +1 dagger (speed)
rCold    . . .     Faith    .   (no shield)
rNeg     . . .     Spirit   .   b - +0 hat
rPois    .         Reflect  .   (no amulet)
rElec    .         Harm     .   (no ring)
rCorr    .         Rampage  .   (no ring)
Will     .....                  (no ring)
Stlth    +++.......             (no ring)
HPRegen  0.09/turn              (no ring)
MPRegen  0.11/turn              (no ring)
                                (no ring)
                                (no ring)

@: lethally poisoned (0 -> -4)
A: almost no armour, stealthy swim, amphibious, 8 rings, constrict 8, camouflage
1, gelatinous body 1
a: no special abilities


You were on level 2 of the Dungeon.
You visited 1 branch of the dungeon, and saw 2 of its levels.

You collected 26 gold pieces.

Inventory:

Hand Weapons
 a - a +0 dagger
 g - a +1 dagger of speed (weapon)
Missiles
 f - 40 poisoned darts
Armour
 b - a +0 hat (worn)
Scrolls
 j - a scroll of identify {unknown}
Potions
 c - a potion of berserk rage {unknown}
 d - a potion of flight {unknown}
 e - a potion of brilliance {unknown}
 h - a potion of cancellation {unknown}
 i - 2 potions of curing {unknown}


   Skills:
 - Level 2.0 Dodging
 + Level 3.8 Stealth
 + Level 3.2 Spellcasting
 * Level 2.2 Conjurations
 - Level 2.0 Summonings
 - Level 1.0 Translocations


You had one spell level left.
You knew the following spells:

 Your Spells              Type           Power        Failure   Level
a - Magic Dart            Conj           40%          7%          1
b - Call Imp              Summ           9%           12%         2
c - Blink                 Tloc           N/A          17%         2
d - Mephitic Cloud        Conj/Pois/Air  5%           36%         3

Your spell library contained the following spells:

 Spells                   Type           Power        Failure   Level
 Slow                     Hex            2%           26%         2
 Conjure Flame            Conj/Fire      6%           32%         3


Dungeon Overview and Level Annotations

Branches:
Dungeon (2/15)

Altars:

Annotations:
D:2 Sigmund


Innate Abilities, Weirdness & Mutations

You cannot wear most types of armour.
You are very stealthy in the water. (Stealth+)
You are amphibious.
You can wear up to eight rings at the same time.
You can use your tentacles to constrict eight enemies at once.
Your skin changes colour to match your surroundings (Stealth+).
Your rubbery body absorbs attacks. (AC +1, EV +1)


Message History

You hit the adder. Your grab misses the adder. Your squeeze misses the adder.
The adder is heavily wounded.
* * * LOW HITPOINT WARNING * * *
You feel sick. The adder closely misses you.
You closely miss the adder. Your grab misses the adder.
The adder is heavily wounded.
The adder barely misses you.
You miss the adder. Your grab misses the adder.
The adder is heavily wounded.
You hit the adder. Your grab misses the adder. Your squeeze misses the adder.
The adder is severely wounded.
* * * LOW HITPOINT WARNING * * *
You feel sick. The adder bites you but does no damage.
You barely miss the adder. You grab the adder.
The adder is severely wounded.
You constrict the adder. The adder closely misses you.
You barely miss the adder.
The adder is severely wounded.
You constrict the adder. The adder bites you.
You die...

### #.> #.#
#....... #.#
#....@. #?# #.....
#S# #.... #@# #...
#.# #.. #.# #.#
#.# #.# #.# #.#
#.#########.######
#.................
###########.######
#.######


You could see an adder.

Vanquished Creatures
  A hound (D:2)
  An adder (D:2)
  A giant cockroach (D:2)
  2 goblins (D:1)
  2 hobgoblins
  3 bats (D:1)
  6 frilled lizards (D:1)
  4 kobolds (D:1)
  7 rats
27 creatures vanquished.

Notes
Turn   | Place    | Note
-------+----------+-------------------------------------------
     0 | D:1      | thiole the Octopode Hedge Wizard began the quest for the
                  | Orb.
     0 | D:1      | Reached XP level 1. HP: 11/11 MP: 4/4
   332 | D:1      | Reached XP level 2. HP: 13/17 MP: 1/6
  1163 | D:2      | Reached XP level 3. HP: 21/21 MP: 0/7
  1166 | D:2      | Learned a level 2 spell: Call Imp
  1169 | D:2      | Learned a level 2 spell: Blink
  1173 | D:2      | Learned a level 3 spell: Mephitic Cloud
  1299 | D:2      | HP: 1/21 [hound (3)]
  1301 | D:2      | Reached XP level 4. HP: 1/27 MP: 2/8
  1643 | D:2      | Noticed Sigmund
  1676 | D:2      | Slain by an adder

Illustrated notes

Levels and vault maps discovered:
D:1:      mrwooster_arrival_statue_2, layout_rooms, nrook_mini_backslash
D:2:      layout_basic, lemuel_doored_altar, serial_bayou_lake_a, uniq_terence,
          uniq_sigmund

Skill      XL: |  1  2  3 |
---------------+----------+-----
Stealth        | 3 |  3.8
Conjurations   | 2 |  2.2
Summonings     | 2 |  2.0
Dodging        | |  2.0
Spellcasting   | |  3.2
Translocations | |  1.0

Action                   |  1- 3 |  4- 6 || total
-------------------------+-------+-------++-------
Melee: Dagger            |    11 |    21 ||    32
       Constrict         |     3 |     1 ||     4
       Tentacles         |     1 |     1 ||     2
 Cast: Magic Dart        |    50 |     2 ||    52
 Stab: Sleeping          |       |     1 ||     1
Armor: Skin              |     3 |     2 ||     5
Dodge: Dodged            |    11 |    11 ||    22
